 Dungeon Crawl Stone Soup version 0.31.0-11-ge490571c62 (webtiles) character file.

Game seed: 9171605592381047754

5453 Rassilon the Martial Artist (level 10, -5/118 HPs)
             Began as a Demonspawn Monk on Jan 31, 2024.
             Was a Priest of Wu Jian.
             Slain by a tengu warrior
             ... wielding a +0 great sword
              (12 damage)
             ... on level 7 of the Dungeon.
             The game lasted 00:47:43 (6869 turns).

Rassilon the Martial Artist (Demonspawn Monk)       Turns: 6869, Time: 00:47:44

Health: -5/118     AC: 29    Str: 12    XL:     10   Next: 41%
Magic:  16/16      EV:  2    Int: 10    God:    Wu Jian [***...]
Gold:   488        SH:  0    Dex: 20    Spells: 17/17 levels left

rFire   . .          .
                       - Unarmed
rCold   . . .        (no shield)
rNeg    + . .        u - melded +1 ring mail of the Thieving Gods {rElec rN+ MP+9}
rPois   +            a - melded +1 hat {SInv}
rElec   .            z - melded +0 cloak
rCorr   .            (gloves currently unavailable)
SInv    .            (boots unavailable)
Will    .....        (no amulet)
Stlth   ++           g - +4 ring of protection
HPRegen 0.39/turn    y - ring of positive energy
MPRegen 0.15/turn

%: no passive effects
@: tree-form
A: stationary, stasis, torment immunity, boosted hp, (claws 1), (hooves 3),
(horns 1), demonic guardian 1
a: Renounce Religion, Wall Jump, Serpent's Lash


You were on level 7 of the Dungeon.
You worshipped Wu Jian.
Wu Jian was most pleased with you.
You were a tree.
You visited 2 branches of the dungeon, and saw 9 of its levels.
You also visited: Ossuary.

You collected 488 gold pieces.

Inventory:

Missiles
 r - 3 datura-tipped darts (quivered)
Armour
 a - a +1 hat of see invisible (melded)
 u - the +1 ring mail of the Thieving Gods (melded) {rElec rN+ MP+9}
   (You found it on level 5 of the Dungeon)

   rElec:     It insulates you from electricity.
   rN+:       It protects you from negative energy.
   MP+9:      It affects your magic capacity (+9).
 z - a +0 cloak (melded)
Jewellery
 g - a +4 ring of protection (left branch)
 t - a ring of wizardry
 y - a ring of positive energy (right branch)
Talismans
 d - a beast talisman (active)
Wands
 s - a wand of quicksilver (2)
 A - a wand of mindburst (17)
Scrolls
 b - a scroll of revelation
 f - a scroll of brand weapon
 i - 3 scrolls of fear
 j - a scroll of blinking
 m - 3 scrolls of fog
 o - 6 scrolls of teleportation
 v - a scroll of enchant weapon {unknown}
 x - 2 scrolls of poison
Potions
 c - 3 potions of lignification
 e - a potion of brilliance
 h - a potion of berserk rage {unknown}
 k - a potion of attraction
 l - 2 potions of invisibility
 n - 2 potions of mutation
 q - 2 potions of resistance
 w - 2 potions of curing


   Skills:
 + Level 7.3 Fighting
 + Level 6.6 Dodging
 * Level 9.2 Unarmed Combat
 + Level 4.2 Spellcasting
 + Level 5.2 Shapeshifting


You had 17 spell levels left.
You didn't know any spells.
Your spell library contained the following spells:

 Spells                   Type           Power      Damage    Failure   Level
 Sting                    Conj/Alch      8%         1d3       26%         1
 Mercury Vapours          Alch/Air       4%         N/A       36%         2
 Dazzling Flash           Conj/Hex       4%         N/A       58%         3
 Tukima's Dance           Hex            2%         N/A       58%         3
 Volatile Blastmotes      Fire/Tloc      4%         2d10      58%         3
 Olgreb's Toxic Radiance  Alch           2%         N/A       94%         4
 Passage of Golubria      Tloc           2%         N/A       94%         4
 Yara's Violent Unravell  Hex/Alch       1%         3d3       100%        5
 Starburst                Conj/Fire      1%         6d3       100%        6
 Maxwell's Capacitive Co  Air            1%         ∞         100%        8


Dungeon Overview and Level Annotations

Branches:
Dungeon (8/15)             Temple (1/1) D:4         Ossuary (visited)
   Lair: D:8-11

Altars:
Ashenzari
Cheibriados
Dithmenos
Fedhas
Gozag
Hepliaklqana
Kikubaaqudgha
Makhleb
Nemelex Xobeh
Okawaru
Qazlal
Ru
Sif Muna
Trog
Uskayaw
Vehumet
Wu Jian
Xom
Yredelemnul


Innate Abilities, Weirdness & Mutations

You are a tree.
Your roots penetrate the ground, keeping you stationary.
You cannot be teleported.
You are immune to unholy pain and torment.
Your maximum health is greatly increased.
Your equipment is partially melded.
((You have sharp fingernails.))
((You have hooves in place of feet.))
((You have a pair of small horns on your head.))
A weak demonic guardian rushes to your aid.


Message History

The tengu warrior is moderately wounded.
The tengu warrior hits you but does no damage.
The tengu warrior completely misses you.
The tengu warrior claws you but does no damage.
You miss the tengu warrior.
The tengu warrior is moderately wounded.
The tengu warrior hits you but does no damage.
The tengu warrior pecks you but does no damage.
The tengu warrior claws you.
* * * LOW HITPOINT WARNING * * *
You pummel the tengu warrior!!
The tengu warrior is heavily wounded.
The tengu warrior hits you but does no damage.
The tengu warrior pecks you.
* * * LOW HITPOINT WARNING * * *
The tengu warrior claws you but does no damage.
Unknown command.
You hit the tengu warrior.
The tengu warrior is severely wounded.
The tengu warrior hits you but does no damage.
The tengu warrior pecks you but does no damage.
The tengu warrior claws you but does no damage.
You smack the tengu warrior!
The tengu warrior is severely wounded.
You closely miss the tengu warrior.
The tengu warrior is severely wounded.
The tengu warrior hits you with a +0 great sword.
* * * LOW HITPOINT WARNING * * *
The tengu warrior pecks you but does no damage.
The tengu warrior claws you but does no damage.
You closely miss the tengu warrior.
The tengu warrior is severely wounded.
The tengu warrior hits you but does no damage.
The tengu warrior pecks you.
* * * LOW HITPOINT WARNING * * *
The tengu warrior claws you but does no damage.
You smack the tengu warrior!
The tengu warrior is almost dead.
The tengu warrior hits you with a +0 great sword!
You die...

.)..........................#
......................[.....#####
......######....................#
......### #....................#
##......## #....................#
##.####..####...................#
##.#####.#.........#............#
##.##......#######.#.###........#
......##...#...Q♣5..............#
#..######....####.....##........#
..........##.........###........#
##..###(...........#.############
##...##))..........#..#
.................#.#..##
..............####.#...# ####
...[........######.#.#.# ##...
................##.#.#.# ##....


You could see a tengu warrior (ally target) and a friendly iron imp (summoned).

Vanquished Creatures
  Maurice (D:8)
  Grinder (D:3)
  7 yaks (D:7)
  2 steam dragons
  2 water moccasins
  An ice beast (D:7)
  2 sky beasts
  A black bear (D:3)
  An ogre (D:6)
  A kobold brigand (D:8)
  2 bullfrogs
  2 gnoll sergeants
  4 scorpions
  4 water moccasin zombies (Ossuary)
  A burial acolyte (Ossuary)
  3 killer bees (D:7)
  A howler monkey (D:6)
  4 hounds
  An orc priest (D:3)
  2 gnoll boudas (D:7)
  A jelly (D:3)
  A bullfrog simulacrum (Ossuary)
  2 crocodile zombies (Ossuary)
  2 mummies (Ossuary)
  5 adders
  19 gnolls
  A white imp (D:7)
  2 ufetubi (D:6)
  2 adder zombies (Ossuary)
  6 dart slugs
  3 ribbon worms
  9 orcs
  6 endoplasms
  12 gnoll zombies (Ossuary)
  6 goblins
  2 hobgoblins
  A jackal (D:4)
  12 kobolds
  A quokka (D:2)
  6 ball pythons
  A bat (D:1)
  A frilled lizard (D:1)
  A jackal zombie (Ossuary)
  2 orc zombies (Ossuary)
147 creatures vanquished.

Vanquished Creatures (collateral kills)
  Gastronok (D:8)
  A tengu conjurer (D:8)
  A jelly (D:7)
  A dart slug (D:3)
  2 orcs (D:4)
  An endoplasm (D:3)
7 creatures vanquished.

Vanquished Creatures (others)
  A bombardier beetle (D:4)
1 creature vanquished.

Grand Total: 155 creatures vanquished

Notes
Turn   | Place    | Note
-------+----------+-------------------------------------------
     0 | D:1      | Rassilon the Demonspawn Monk began the quest for the Orb.
     0 | D:1      | Reached XP level 1. HP: 18/18 MP: 1/1
    47 | D:1      | Reached skill level 3 in Unarmed Combat
    47 | D:1      | Discovered your monstrous ancestry.
    47 | D:1      | Gained mutation: You have large cloven feet. [demonic
                  | ancestry]
    47 | D:1      | Reached XP level 2. HP: 11/24 MP: 2/2
   631 | D:2      | Gained mutation: You have sharp fingernails. [demonic
                  | ancestry]
   631 | D:2      | Reached XP level 3. HP: 25/29 MP: 3/3
  1080 | D:3      | Gained mutation: You have hoof-like feet. [demonic
                  | ancestry]
  1080 | D:3      | Reached XP level 4. HP: 35/35 MP: 4/4
  1162 | D:3      | Reached skill level 1 in Shapeshifting
  1172 | D:3      | Noticed a black bear
  1188 | D:3      | Killed a black bear
  1189 | D:3      | Reached skill level 4 in Unarmed Combat
  1189 | D:3      | Reached XP level 5. HP: 12/42 MP: 5/5
  1341 | D:3      | Found a bloodstained altar of Trog.
  1495 | D:3      | Found a stormy altar of Qazlal.
  1495 | D:3      | Noticed a sky beast
  1517 | D:3      | Found a sacrificial altar of Ru.
  1519 | D:3      | Found an opulent altar of Gozag.
  1707 | D:3      | Killed a sky beast
  1708 | D:3      | Gained mutation: You have hooves in place of feet. [demonic
                  | ancestry]
  1708 | D:3      | Reached XP level 6. HP: 14/48 MP: 6/6
  1953 | D:4      | Noticed Grinder
  1963 | D:3      | Killed Grinder
  1964 | D:3      | Reached skill level 5 in Unarmed Combat
  2186 | D:4      | Reached XP level 7. HP: 31/55 MP: 7/7
  2435 | D:4      | Found a staircase to the Ecumenical Temple.
  2441 | Temple   | Entered the Ecumenical Temple
  2463 | Temple   | Became a worshipper of the Wu Jian Council
  2463 | Temple   | Reached * piety under Wu Jian
  2463 | Temple   | Reached ** piety under Wu Jian
  2859 | D:4      | Found a hide-covered altar of Uskayaw.
  2997 | D:5      | Entered Level 5 of the Dungeon
  3265 | D:5      | Noticed a steam dragon
  3291 | D:5      | Killed a steam dragon
  3444 | D:5      | Identified the +1 ring mail of the Thieving Gods {rElec rN+
                  | MP+9}
  3656 | D:5      | Reached skill level 5 in Fighting
  3664 | D:5      | Reached skill level 6 in Unarmed Combat
  3916 | D:5      | Found a radiant altar of Vehumet.
  4234 | D:6      | Gained mutation: You have a pair of small horns on your
                  | head. [demonic ancestry]
  4234 | D:6      | Reached XP level 8. HP: 62/62 MP: 8/8
  4353 | D:6      | Found a burning altar of Makhleb.
  4373 | D:6      | Found a blossoming altar of Fedhas.
  4505 | D:6      | Found a snail-covered altar of Cheibriados.
  4670 | D:7      | Reached skill level 5 in Dodging
  4670 | D:7      | Reached skill level 1 in Spellcasting
  4869 | D:7      | Reached skill level 7 in Unarmed Combat
  4950 | D:7      | Found a sand-covered staircase.
  4955 | Ossuary  | Entered an ossuary
  5071 | Ossuary  | Reached *** piety under Wu Jian
  5106 | Ossuary  | Gained mutation: A weak demonic guardian rushes to your
                  | aid. [demonic ancestry]
  5106 | Ossuary  | Reached XP level 9. HP: 64/69 MP: 12/12
  5491 | D:7      | Reached skill level 8 in Unarmed Combat
  6014 | D:8      | Noticed a tengu conjurer
  6015 | D:8      | Noticed a tengu warrior
  6229 | D:8      | Noticed Gastronok
  6257 | D:8      | Killed Gastronok
  6258 | D:8      | Reached skill level 5 in Shapeshifting
  6258 | D:8      | Reached XP level 10. HP: 52/79 MP: 15/15
  6593 | D:8      | Noticed Maurice
  6603 | D:8      | Killed Maurice
  6604 | D:8      | Reached skill level 9 in Unarmed Combat
  6869 | D:7      | Slain by a tengu warrior

Illustrated notes

Levels and vault maps discovered:
D:1:      mrwooster_arrival_statue_2, layout_rooms,
          chequers_serial_rivers_micro_c
D:2:      layout_rooms
D:3:      layout_rooms, mainiacjoe_overflow_brackets,
          nicolae_qazlal_beasts_of_the_sky,
          chequers_temple_overflow_statue_of_worship,
          nicolae_elevator_lobby_plus
D:4:      layout_cave_pools, kennysheep_little_box, minmay_temple_entry_fiery,
          hangedman_feature_mirror, uniq_grinder
D:5:      layout_basic, nicolae_vehumet_altar_sigil,
          kennysheep_decorative_pillar
D:6:      layout_rooms, kennysheep_slug_shrine, grunt_temple_overflow_open,
          chequers_serial_rivers_micro_e, wad_floor_pattern_untrapped
D:7:      layout_rooms, enter_ossuary_2
D:8:      layout_basic, uniq_gastronok, uniq_maurice
Temple:   nicolae_temple_bog_church

Skill      XL: |  1  2  3  4  5  6  7  8  9 10 |
---------------+-------------------------------+-----
Unarmed Combat | 3 4 5 6 7 8 9 |  9.2
Dodging        | 3 4 5 6 |  6.6
Shapeshifting  | 1 2 3 5 |  5.2
Fighting       | 4 5 7 |  7.3
Spellcasting   | 2 3 4 |  4.2

Action                     |  1- 3 |  4- 6 |  7- 9 | 10-12 || total
---------------------------+-------+-------+-------+-------++-------
  Melee: Unarmed           |    84 |    74 |   411 |    61 ||   630
         Kick              |    22 |    19 |   128 |    12 ||   181
         Punch             |     1 |     3 |    22 |     3 ||    29
         Headbutt          |       |       |    63 |     8 ||    71
  Throw: Dart              |       |     8 |     7 |       ||    15
 Invoke: Serpent's Lash    |       |       |     1 |     1 ||     2
Ability: Lunge             |       |       |    26 |     6 ||    32
         Whirlwind         |       |       |    84 |    14 ||    98
         Wall Jump         |       |       |    36 |     7 ||    43
  Evoke: Wand              |       |     2 |       |     6 ||     8
    Use: Potion            |       |     1 |    10 |     2 ||    13
         Scroll            |       |       |    16 |       ||    16
   Stab: Sleeping          |     1 |       |       |       ||     1
         Invisible         |       |       |     3 |       ||     3
 Armour: Robe              |    44 |    40 |    49 |       ||   133
         Skin              |       |     5 |    32 |    32 ||    69
         Ring mail         |       |       |   199 |    32 ||   231
  Dodge: Dodged            |    63 |    44 |   213 |    39 ||   359
   Form: Beast             |     1 |       |       |     1 ||     2
                           |     1 |       |       |       ||     1
